Description

/r/allthingsprotoss guide

VOD

https://youtu.be/Deaqn5a4Jbo?t=2416

Replay - ByuN v Stats: Game 3 - Proxima Station LE

Build Order

Get SALT Encoding   

  12  0:00  Probe (Chrono Boost)  
  13  0:11  Probe (Chrono Boost)  
  14  0:17  Pylon  
  14  0:22  Probe (Chrono Boost)  
  15  0:35  Probe (Chrono Boost)  
  16  0:36  Gateway  
  16  0:41  Assimilator  
  16  0:46  Probe (Chrono Boost)  
  17  0:56  Probe (Chrono Boost)  
  18  1:07  Probe (Chrono Boost)  
  19  1:17  Probe (Chrono Boost)  
  20  1:25  Nexus  
  20  1:31  Cybernetics Core  
  20  1:34  Probe (Chrono Boost)  
  20  1:39  Assimilator  
  21  1:45  Probe (Chrono Boost)  
  22  1:50  Pylon  
  23  2:04  Adept  
  23  2:08  Warp Gate  
  27  2:31  Adept  
  27  2:34  Robotics Facility  
  37  3:06  Mothership Core (Chrono Boost)  
  37  3:12  Gateway x2  
  39  3:22  Observer  
  39  3:26  Assimilator x2  
  41  3:30  Pylon  
  42  3:39  Robotics Bay  
  44  3:42  Observer  
  46  3:51  Pylon  
  47  4:00  Observer  
  51  4:10  Stalker x3  
  57  4:20  Pylon  
  59  4:30  Colossus  
  65  4:39  Stalker x2  
  65  4:42  Extended Thermal Lance  
  69  5:00  Forge x2  
  69  5:10  Adept  
  73  5:16  Stalker x2  
  73  5:20  Colossus  
  75  5:30  Protoss Ground Weapons Level 1  
  77  5:38  Protoss Ground Armor Level 1  
  77  6:13  Colossus  
  79  6:20  Nexus  
  83  6:37  Stalker x3  
  88  6:53  Twilight Council  
  92  7:02  Sentry x3  
  92  7:07  Observer  
  101  7:21  Protoss Ground Armor Level 2, Protoss Ground Weapons Level 2  
  101  7:26  Gateway x2  
  101  7:27  Adept x3  
  108  7:52  Resonating Glaives  
  108  7:56  Adept x3  
  118  8:21  Adept  
  131  8:39  Gateway x2  
  131  8:43  Warp Prism  
  133  8:50  Assimilator x2  
  133  8:51  Templar Archives  
  143  9:30  Protoss Ground Armor Level 3, Protoss Ground Weapons Level 3  
  142  9:31  Observer  
  142  9:33  Blink  
  153  9:53  Psionic Storm  
Spawning Tool Build Advisor. Get it on Overwolf

Go to:

Details

Become a Patron
  • Created by: Gemini_19    
  • Published on: Mar 27, 2017
  • Modified on: Mar 27, 2017
  • Patch: 3.8.0
Show
View Real Time Build Order
Export as new Build Order

Comments (0)

There are no comments. Be the first!

Create an account to comment!